 Dungeon Crawl Stone Soup version 0.22-a0-769-g178e55541d (webtiles) character file.

218 GordonOverkill the Caller (level 5, -4/28 HPs)
             Began as a Deep Elf Summoner on July 17, 2018.
             Slain by an ogre
             ... wielding a +0 giant club
              (19 damage)
             ... on level 3 of the Dungeon.
             The game lasted 00:11:27 (5016 turns).

GordonOverkill the Caller (Deep Elf Summoner)       Turns: 5016, Time: 00:11:28

Health: -4/28      AC:  3    Str:  5    XL:     5   Next: 63%
Magic:  7/14       EV: 14    Int: 21    God:
Gold:   112        SH:  0    Dex: 15    Spells: 3/14 levels left

rFire    . . .     SeeInvis .   e - +0 club (curse)
rCold    . . .     Gourm    .   (no shield)
rNeg     . . .     Faith    .   a - +0 robe
rPois    .         Spirit   .   l - +0 helmet
rElec    .         Reflect  .   (no cloak)
rCorr    .         Harm     .   (no gloves)
MR       .....                  (no boots)
Stlth    ++........             (no amulet)
HPRegen  0.09/turn              (no ring)
MPRegen  0.14/turn              (no ring)

@: no status effects
A: no striking features
a: no special abilities


You were on level 3 of the Dungeon.
You were not hungry.

You visited 1 branch of the dungeon, and saw 4 of its levels.

You collected 112 gold pieces.

Inventory:

Hand Weapons
 e - a cursed +0 club (weapon)
 g - a +0 dagger
Armour
 a - a +0 robe (worn)
 l - a +0 helmet (worn)
Jewellery
 j - a cursed ring of teleportation {unknown}
Wands
 i - a wand of enslavement (3)
 k - a wand of random effects (41)
Scrolls
 d - a scroll of random uselessness {unknown}
 f - 5 scrolls of identify {unknown}
 h - 5 scrolls of remove curse {unknown}
 n - 4 scrolls of teleportation {unknown}
 o - 2 scrolls of noise {unknown}
 q - a scroll of amnesia {unknown}
Potions
 b - a potion of heal wounds
 m - a potion of agility {unknown}
 p - a potion of ambrosia {unknown}
 r - a potion of invisibility {unknown}
Comestibles
 c - 3 rations


   Skills:
 + Level 4.4 Dodging
 - Level 3.0 Stealth
 + Level 5.0 Spellcasting
 + Level 5.6 Summonings
 + Level 0.2 Ice Magic


You had 3 spell levels left.
You knew the following spells:

 Your Spells              Type           Power        Failure   Level  Hunger
a - Summon Small Mammal   Summ           ####         1%          1    None
b - Call Imp              Summ           ####....     1%          2    None
c - Summon Ice Beast      Ice/Summ       ###.....     32%         4    ####...
d - Summon Lightning Spi  Summ/Air       ###.....     34%         4    ####...

Your spell library contained the following spells:

 Spells                   Type           Power        Failure   Level  Hunger
 Call Canine Familiar     Summ           ####....     3%          3    ##.....
 Summon Guardian Golem    Hex/Summ       ###.....     11%         3    ##.....


Dungeon Overview and Level Annotations

Branches:
Dungeon (4/15)
 Temple: D:4-7

Altars:
Fedhas
Nemelex Xobeh


Message History

The jackal skeleton completely misses you.
Your crimson imp barely misses the jackal skeleton.
You climb upwards.
There is a stone staircase leading down here.
Casting: Call Imp (safe; 1% risk of failure)
Confirm with . or Enter, or press ? or * to list all spells.
A beastly little devil appears in a puff of flame.
The ogre hits you with a giant club!
Casting: Call Imp (safe; 1% risk of failure)
Confirm with . or Enter, or press ? or * to list all spells.
A beastly little devil appears in a puff of flame.
Your crimson imp says, "I bow to your service, my illustrious and awesome magnate!"
You swap places.
Your crimson imp blinks!
Casting: Call Imp (safe; 1% risk of failure)
Confirm with . or Enter, or press ? or * to list all spells.
A beastly little devil appears in a puff of flame.
Your crimson imp hits the ogre.
The ogre hits you with a giant club!!
Ouch! That really hurt!
You die...

####### ##.....## ###
##.5.ยง...############
..###########..O@................
...............5......###########
..##>...#####5........###########
........(## #.........##......##.
####......###.........##......##.
#....#..##.........##.........
#....##..#.........##......###
#.....#............##.....5# ##
#.......<..>........#......#


You could see an ogre and 3 friendly crimson imps.

Vanquished Creatures
  A phantom (D:4)
  An ooze (D:4)
  A leopard gecko (D:1)
  3 goblins
  A hobgoblin (D:2)
  4 bats
  A kobold (D:2)
  A rat (D:1)
13 creatures vanquished.

Vanquished Creatures (collateral kills)
  Jessica (D:2)
  Ijyb (D:2)
  A worker ant (D:4)
  An iguana (D:4)
  Robin (D:2)
  7 adders
  A worm (D:3)
  A dart slug (D:1)
  2 leopard geckos (D:2)
  7 giant cockroaches
  7 hobgoblins
  6 jackals
  3 kobolds
  A quokka (D:4)
  12 bats
  3 frilled lizards
  15 goblins
  A leopard gecko skeleton (D:4)
  7 rats
78 creatures vanquished.

Grand Total: 91 creatures vanquished

Notes
Turn   | Place    | Note
-------+----------+-------------------------------------------
     0 | D:1      | GordonOverkill the Deep Elf Summoner began the quest for the Orb.
     0 | D:1      | Reached XP level 1. HP: 10/10 MP: 6/6
   411 | D:1      | Reached XP level 2. HP: 14/15 MP: 5/8
  1626 | D:2      | Reached XP level 3. HP: 9/19 MP: 6/10
  1791 | D:2      | Learned a level 2 spell: Call Imp
  2099 | D:2      | Noticed Robin
  2137 | D:2      | Killed Robin
  2608 | D:2      | Found a sparkling altar of Nemelex Xobeh.
  2608 | D:2      | Noticed Jessica
  2612 | D:2      | Killed Jessica
  2612 | D:2      | Reached skill level 5 in Summonings
  2612 | D:2      | Reached XP level 4. HP: 24/24 MP: 3/12
  3050 | D:3      | Found a faded altar of an unknown god.
  3430 | D:3      | Noticed Ijyb
  3658 | D:2      | Killed Ijyb
  3810 | D:3      | Found a blossoming altar of Fedhas.
  3982 | D:4      | Noticed a phantom
  3988 | D:4      | HP: 1/24 [phantom (7)]
  3992 | D:4      | Reached XP level 5. HP: 7/28 MP: 5/13
  4256 | D:4      | Killed a phantom
  4402 | D:4      | Learned a level 4 spell: Summon Ice Beast
  4407 | D:4      | Learned a level 4 spell: Summon Lightning Spire
  4484 | D:4      | Noticed a phantom
  4485 | D:4      | Noticed a phantom
  4514 | D:4      | Reached skill level 5 in Spellcasting
  5008 | D:4      | Noticed an ogre
  5016 | D:3      | Slain by an ogre

Vault maps used:
D:1:      nzn_arrival_depleted_hourglass, minmay_crystal_water
D:2:      nemelex_lonely_heart_becter, uniq_robin
D:3:      chequers_ecumenical_altar_simple, fedhas_altar_4, uniq_jessica,
          uniq_ijyb
D:4:      first_ration

Skill      XL: |  1  2  3  4  5 |
---------------+----------------+-----
Stealth        | 3 |  3.0
Dodging        | 3 4 |  4.4
Spellcasting   | 4 5 |  5.0
Summonings     | 5 |  5.6
Ice Magic      | |  0.2

Action                   |  1- 3 |  4- 6 || total
-------------------------+-------+-------++-------
Melee: Club              |    74 |    70 ||   144
 Cast: Summon Small Mamm |    61 |    19 ||    80
       Call Imp          |    25 |    54 ||    79
  Use: Potion            |       |     3 ||     3
 Stab: Sleeping          |     2 |     2 ||     4
       Distracted        |       |     1 ||     1
  Eat: Chunk             |     5 |     4 ||     9
       Ration            |       |     2 ||     2
Armor: Robe              |    32 |    26 ||    58
Dodge: Dodged            |   116 |    71 ||   187

Table legend:
 A = Spawn XP
 B = Non-spawn XP
 C = Spawn XP percentage of total XP
 D = Spawn monster count
 E = Non-spawn monster count
 F = Spawn count percentage of total count
 G = Total turns spent on level
                    A         B        C        D         E        F      G
               +---------+---------+-------+---------+---------+-------+---------
         Total |       0 |     312 |   0.0 |       0 |      91 |   0.0 |  5016
               +---------+---------+-------+---------+---------+-------+---------
           D:1 |       0 |      35 |   0.0 |       0 |      30 |   0.0 |  1741
           D:2 |       0 |     113 |   0.0 |       0 |      35 |   0.0 |  1849
           D:3 |       0 |      39 |   0.0 |       0 |      20 |   0.0 |   998
           D:4 |       0 |     125 |   0.0 |       0 |       6 |   0.0 |   428
               +---------+---------+-------+---------+---------+-------+---------
